 Dungeon Crawl Stone Soup version 0.31-a0-204-g7da18cac08 (webtiles) character file.

Game seed: 6168082609964539389

44 qw the Shooter (level 3, -4/20 HPs)
             Began as a Deep Elf Hunter on June 27, 2023.
             Succumbed to a kobold's poison
             ... on level 2 of the Dungeon.
             The game lasted 00:00:26 (1018 turns).

qw the Shooter (Deep Elf Hunter)                    Turns: 1018, Time: 00:00:26

Health: -4/20      AC:  3    Str: 10    XL:     3   Next: 39%
Magic:  5/5        EV: 12    Int: 13    God:
Gold:   52         SH:  0    Dex: 18    Spells: 2/2 levels left

rFire   . . .        Y - +0 shortbow
rCold   . . .        (shield currently unavailable)
rNeg    . . .        c - +0 leather armour
rPois   .            (no helmet)
rElec   .            (no cloak)
rCorr   .            (no gloves)
SInv    .            (no boots)
Will    .....        d - amulet of faith
Stlth   ++           (no ring)
HPRegen 0.23/turn    (no ring)
MPRegen 0.09/turn

%: faith
@: lethally poisoned (-4 -> -26)
A: no striking features
a: no special abilities


You were on level 2 of the Dungeon.
You visited 1 branch of the dungeon, and saw 2 of its levels.

You collected 52 gold pieces.


   Skills:
 - Level 1.5 Fighting
 + Level 7.0 Ranged Weapons
 - Level 2.4 Dodging
 - Level 1.2 Stealth


You had 2 spell levels left.
You didn't know any spells.
Your spell library was empty.

Inventory:

Hand Weapons
 Y - a +0 shortbow (weapon)
Armour
 c - a +0 leather armour (worn)
Jewellery
 d - an amulet of faith (around neck)
Potions
 a - a potion of cancellation {unknown}
 f - 2 potions of curing

Dungeon Overview and Level Annotations

Branches:
Dungeon (2/15)

Altars:


Message History

Your Ranged Weapons skill increases to level 7!
You start resting.
You feel sick. x4
You are no longer poisoned.
HP restored.
You open the door.
There is an open door here.
You now have 52 gold pieces (gained 2).
A kobold comes into view. It is wielding a +1 dagger of venom.
You shoot an arrow. The arrow hits the kobold.
The kobold shouts!
The kobold is moderately wounded.
You shoot an arrow.
The arrow hits the kobold but does no damage.
The kobold is moderately wounded.
The kobold closely misses you. The kobold barely misses you.
You shoot an arrow. The arrow barely misses the kobold.
The kobold barely misses you.
You shoot an arrow. The arrow barely misses the kobold.
The kobold hits you but does no damage.
You are poisoned.
You shoot an arrow.
The arrow hits the kobold but does no damage.
You feel very sick.
The kobold hits you with a +1 dagger of venom.
You are lethally poisoned!
You shoot an arrow. The arrow hits the kobold.
The kobold is moderately wounded.
You feel very sick. The kobold barely misses you.
You shoot an arrow. The arrow closely misses the kobold.
You feel very sick. The kobold hits you but does no damage.
You are more poisoned.
You shoot an arrow. The arrow barely misses the kobold.
You feel very sick.
The kobold hits you with a +1 dagger of venom.
You are more poisoned.
You shoot an arrow. The arrow barely misses the kobold.
You die...

##.# ...# #### ##
########.# .# .........#
# .# ####.##### #.###.#
#.##### #..K..## #.....#
##@..##
####.###.######.....###
#.......................
#.##+#####'##.#.....###.
#.###.....###.##...##
#.'###.#.## +.###.##
#.#.###.## #.# .#
#.#..#.#.# #.# ..
#.#.#.###.# #.. .##


You could see a kobold.

Vanquished Creatures
  An adder (D:2)
  A dart slug (D:1)
  2 ball pythons (D:1)
  4 bats (D:1)
  4 endoplasms
  A giant cockroach (D:1)
  4 goblins (D:1)
  3 hobgoblins (D:1)
  2 quokkas (D:1)
  2 frilled lizards (D:1)
  4 kobolds (D:1)
  2 rats (D:1)
30 creatures vanquished.

Notes
Turn   | Place    | Note
-------+----------+-------------------------------------------
     0 | D:1      | qw the Deep Elf Hunter began the quest for the Orb.
     0 | D:1      | Reached XP level 1. HP: 12/12 MP: 3/3
     0 | D:1      | 0 ||| qw: Version: 0.3-a-22-g0ed2b0b
     0 | D:1      | 0 ||| qw: Game counter: 6406
     0 | D:1      | 0 ||| qw: Melee chars always use a shield: true
     0 | D:1      | 0 ||| qw: God list: Okawaru
     0 | D:1      | 0 ||| qw: Allow faded altars: false
     0 | D:1      | 0 ||| qw: Do Orc after clearing Dungeon:15 true
     0 | D:1      | 0 ||| qw: Do second Lair branch before Depths: true
     0 | D:1      | 0 ||| qw: Lair rune preference: random
     0 | D:1      | 0 ||| qw: Goals: Normal
     0 | D:1      | 0 ||| PLANNING D:1-11
   138 | D:1      | 138 ||| UPGRADING to amulet of faith.
   143 | D:1      | 143 ||| READING scroll labelled DAESHO QIPNODGHEG.
   144 | D:1      | 144 ||| READING scroll labelled WIXOTH EFUCS.
   145 | D:1      | 145 ||| DROPPING scroll of butterflies.
   156 | D:1      | Reached skill level 6 in Ranged Weapons
   156 | D:1      | Reached XP level 2. HP: 15/16 MP: 4/4
   276 | D:1      | 276 ||| FLEEEEING.
   277 | D:1      | 277 ||| FLEEEEING.
   278 | D:1      | 278 ||| FLEEEEING.
   279 | D:1      | 279 ||| FLEEEEING.
   280 | D:1      | 280 ||| FLEEEEING.
   281 | D:1      | 281 ||| FLEEEEING.
   283 | D:1      | 283 ||| FLEEEEING.
   284 | D:1      | 284 ||| FLEEEEING.
   529 | D:1      | Reached XP level 3. HP: 20/20 MP: 5/5
   535 | D:1      | 535 ||| FLEEEEING.
   804 | D:1      | 804 ||| READING scroll labelled SAH YMOP ECINGU.
   805 | D:1      | 805 ||| DRINKING 3 purple potions.
   957 | D:2      | Reached skill level 7 in Ranged Weapons
  1017 | D:2      | HP: 2/20 [poisoned by a kobold]
  1018 | D:2      | Succumbed to a kobold's poison

Levels and vault maps discovered:
D:1:      dpeg_arrival_oval, layout_loops_ring, hangedman_glass_teeth,
          minmay_box_of_dots
D:2:      layout_loops_ring, chequers_serial_rivers_micro_c,
          roderic_cross_of_infinity, chequers_serial_rivers_small_b, uniq_robin

Skill      XL: |  1  2  3 |
---------------+----------+-----
Ranged Weapons | 6 7 |  7.0
Fighting       | |  1.5
Dodging        | |  2.4
Stealth        | |  1.2

Action                     || total
---------------------------++-------
   Fire: Shortbow          ||    90
    Use: Scroll            ||     3
         Potion            ||     1
 Armour: Leather armour    ||    13
  Dodge: Dodged            ||    30

Table legend:
 A = Non-vault XP
 B = Vault XP
 C = Vault XP percentage of total XP
 D = Non-vault monster count
 E = Vault monster count
 F = Vault count percentage of total count
                 A         B        C        D         E       F
            +---------+---------+-------+---------+---------+-------
      Total |      59 |       4 |   6.3 |      27 |       3 |  10.0
            +---------+---------+-------+---------+---------+-------
        D:1 |      44 |       4 |   8.3 |      25 |       3 |  10.7
        D:2 |      15 |       0 |   0.0 |       2 |       0 |   0.0
            +---------+---------+-------+---------+---------+-------
